 Dungeon Crawl Stone Soup version 0.27-a0-1123-g2f9bb313c0 (webtiles) character file.

Game seed: 14072756051939102361

102 Zeld the Shield-Bearer (level 4, -3/31 HPs)
             Began as an Octopode Fighter on May 3, 2021.
             Slain by a gnoll
             ... wielding a +0 spear
              (10 damage)
             ... on level 3 of the Dungeon.
             The game lasted 00:02:49 (2676 turns).

Zeld the Shield-Bearer (Octopode Fighter)           Turns: 2676, Time: 00:02:50

Health: -3/31      AC:  5    Str: 16    XL:     4   Next: 77%
Magic:  4/4        EV: 11    Int: 10    God:
Gold:   70         SH:  8    Dex: 11    Spells: 3/3 levels left

rFire    . . .     SeeInvis .   a - +0 war axe
rCold    . . .     Faith    .   b - +0 kite shield
rNeg     . . .     Spirit   .   (helmet restricted)
rPois    .         Reflect  .   (no amulet)
rElec    .         Harm     .   j - +4 ring of protection
rCorr    .         Rampage  .   (no ring)
Will     .....                  (no ring)
Stlth    ++........             (no ring)
HPRegen  0.10/turn              (no ring)
MPRegen  0.09/turn              (no ring)
                                (no ring)
                                (no ring)

@: no status effects
A: almost no armour, amphibious, 8 rings, camouflage 1, gelatinous body 1,
(nimble swimmer 1), tentacles
a: no special abilities


You were on level 3 of the Dungeon.
You visited 1 branch of the dungeon, and saw 3 of its levels.

You collected 70 gold pieces.

Inventory:

Hand Weapons
 a - a +0 war axe (weapon)
Missiles
 e - 11 poisoned darts (quivered)
Armour
 b - a +0 kite shield (worn)
Jewellery
 j - a +4 ring of protection (left tentacle)
Scrolls
 h - a scroll of enchant weapon {unknown}
 i - a scroll of identify {unknown}
Potions
 c - a potion of might
 d - 2 potions of lignification {unknown}
 f - a potion of mutation {unknown}
 g - a potion of flight {unknown}


   Skills:
 - Level 3.3 Fighting
 - Level 2.4 Axes
 * Level 3.3 Throwing
 - Level 3.0 Dodging
 - Level 3.3 Shields


You had 3 spell levels left.
You didn't know any spells.
Your spell library was empty.

Dungeon Overview and Level Annotations

Branches:
Dungeon (3/15)

Altars:


Innate Abilities, Weirdness & Mutations

You cannot wear most types of armour.
You are amphibious.
You can wear up to eight rings at the same time.
Your skin changes colour to match your surroundings (Stealth+).
Your rubbery body absorbs attacks. (AC +1, EV +1)
((You are camouflaged near water. (Stealth+)))
You have tentacles for arms and can constrict up to eight enemies at once.


Message History

Unknown command.
You closely miss the rat. You grab the rat. Your squeeze misses the rat.
You constrict the rat.
You kill the rat!
An orc comes into view. It is wielding a +0 trident.
Unknown command.
An orc comes into view. It is wielding a +0 short sword.
The orc shouts!
You hear a shout!
The orc moves out of view.
Things that are here:
a +0 dagger; a goblin corpse A gnoll comes into view.
It is wielding a +0 halberd.
The gnoll shouts!
The rat bites you but does no damage.
A kobold comes into view. It is wielding a +0 whip.
The orc hits you but does no damage.
You hit the rat.
You kill the rat!
A gnoll comes into view. It is wielding a +0 spear.
The orc hits you from afar with a +0 trident.
You block the gnoll's attack.
The gnoll moves out of view.
A gnoll comes into view. It is wielding a +3 halberd.
The gnoll moves out of view.
Items here: $ ) = ? [.
The orc barely misses you.
The kobold throws a stone.
You block the stone.
Press: ? - help, . - travel You can't see that place. [the floor.]
Press: ? - help, . - travel You can't see that place. [the floor.]
The orc hits you from afar with a +0 trident!
You see here a jackal corpse.
You see here a jackal skeleton.
The gnoll shouts! x2
The gnoll hits you from afar with a +3 halberd!
* * * LOW HITPOINT WARNING * * *
The gnoll hits you with a +0 spear!
You die...

#...# #.#.##.og...# #.#.#
#.#<.#.####.# #.#..##.####.# #g#
#.#........#.# #.#
#.#...#.#.##.# #o# #...#.#.##.#
#g# #...#.#.##.# #.# #########.#
##.gg...##.# #g####
........#.#.##.@.#####.# #..o.g
#.......#.#.......g.o.g#########
#.#.....#.####...............#
.......#.# ##.#.##########.#
#....#.# #...# #.# #.#....#
##..# #.# #....)#######..# #g#
g......#)g.K.o...># #o#
##.##.....##g###### #.#


You could see 4 gnolls and an orc.

Vanquished Creatures
  A gnoll (D:1)
  2 adders (D:2)
  A worm (D:2)
  3 dart slugs
  4 ball pythons
  3 endoplasms (D:1)
  A giant cockroach (D:1)
  8 hobgoblins
  10 jackals
  5 kobolds
  4 quokkas
  5 bats
  4 frilled lizards
  4 goblins
  4 rats
59 creatures vanquished.

Notes
Turn   | Place    | Note
-------+----------+-------------------------------------------
     0 | D:1      | Zeld the Octopode Fighter began the quest for the Orb.
     0 | D:1      | Reached XP level 1. HP: 16/16 MP: 1/1
   147 | D:1      | Reached XP level 2. HP: 2/21 MP: 2/2
   431 | D:1      | Found a faded altar of an unknown god.
   770 | D:1      | Reached XP level 3. HP: 26/26 MP: 3/3
   883 | D:1      | Reached skill level 1 in Throwing
  1512 | D:2      | Reached XP level 4. HP: 15/31 MP: 4/4
  2676 | D:3      | Slain by a gnoll

Illustrated notes

Levels and vault maps discovered:
D:1:      mrwooster_arrival_statue, layout_rooms, ebering_ecumenical_altar_box
D:2:      layout_loops_ring
D:3:      minmay_octagon_keep, layout_basic, minmay_fractal_squares_5

Skill      XL: |  1  2  3  4 |
---------------+-------------+-----
Throwing       | 2 3 |  3.3
Fighting       | |  3.3
Axes           | |  2.4
Dodging        | |  3.0
Shields        | |  3.3

Action                   |  1- 3 |  4- 6 || total
-------------------------+-------+-------++-------
Melee: War axe           |    72 |    37 ||   109
       Constrict         |    21 |    13 ||    34
       Tentacles         |     7 |     8 ||    15
Throw: Dart              |     1 |       ||     1
 Stab: Sleeping          |     6 |       ||     6
Armor: Skin              |     8 |     8 ||    16
Dodge: Dodged            |    35 |    28 ||    63
Block: Kite shield       |    45 |    16 ||    61

Table legend: (Time is in decaauts)
 A = Elapsed time spent in this place.
 B = Non-inter-level travel time spent in this place.
 C = Inter-level travel time spent in this place.
 D = Time resting spent in this place.
 E = Time spent auto-exploring this place.
 F = Levels seen in this place.
 G = Mean time per level.
                   A        B        C        D        E       F      G
               +--------+--------+--------+--------+--------+-----+--------+
         Total |   2742 |   2721 |     21 |    254 |   2003 |   3 |  914.0 |
       Dungeon |   2742 |   2721 |     21 |    254 |   2003 |   3 |  914.0 |
               +--------+--------+--------+--------+--------+-----+--------+

Top non-repeatable levels by time:
     D:1: 1229 daAuts
     D:2: 1198 daAuts
     D:3: 314 daAuts
